TOP OF THE 1ST |
Blueville 83's batting - Pitching for Utica Unicorns : LHP David Taylor
|
Pitching: LHP David Taylor
|
|
Batting: SHB Bob Noble
|
0-0: Foul Ball, location: 2F 0-1: Ball 1-1: Foul Ball, location: 2F 1-2: Ground out 6-3 (Groundball, 6)
|
Batting: RHB Matt Perkins
|
0-0: Called Strike 0-1: Swinging Strike 0-2: Strikes out swinging
|
Batting: RHB Tae-kwon Kwon
|
0-0: Ball 1-0: Called Strike 1-1: Ground out 5-3 (Groundball, 5S)
|
Top of the 1st over - 0 run(s), 0 hit(s), 0 error(s), 0 left on base; Blueville 0 - Utica 0 |
BOTTOM OF THE 1ST |
Utica Unicorns batting - Pitching for Blueville 83's : RHP Gary Grimes
|
Pitching: RHP Gary Grimes
|
|
Batting: RHB Mitsuoki Taguchi
|
0-0: Fly out, F8 (Flyball, 8RS)
|
Batting: RHB Gerald Burnett
|
0-0: Ball 1-0: DOUBLE (Groundball, 5L)
|
Batting: LHB Tom Waller
|
0-0: Foul Ball, location: 2F 0-1: Swinging Strike 0-2: Ball 1-2: Foul Ball, location: 2F 1-2: Strikes out swinging
|
Batting: RHB Fernando Gálvez
|
0-0: Ball 1-0: Foul Ball, location: 2F 1-1: Ball 2-1: Foul Ball, location: 2F 2-2: Foul Ball, location: 2F 2-2: Ball 3-2: Fly out, F8 (Flyball, 8LM)
|
Bottom of the 1st over - 0 run(s), 1 hit(s), 0 error(s), 1 left on base; Blueville 0 - Utica 0 |
TOP OF THE 2ND |
Blueville 83's batting - Pitching for Utica Unicorns : LHP David Taylor
|
Batting: LHB António Glaviz
|
0-0: Ball 1-0: Fly out, F2 (Popup, 2L)
|
Batting: LHB Ricardo Romero
|
0-0: Called Strike 0-1: Ball 1-1: Swinging Strike 1-2: Foul Ball, location: 2F 1-2: Foul Ball, location: 2F 1-2: Ball 2-2: Foul Ball, location: 2F 2-2: SOLO HOME RUN (Flyball, 78XD), Distance : 406 ft
|
Batting: RHB Jimmy Simon
|
0-0: Called Strike 0-1: Fly out, F7 (Line Drive, 7)
|
Batting: LHB Ron Robinson
|
0-0: Ball 1-0: SINGLE (Groundball, 4MD)
|
Batting: LHB Vincente Sáenz
|
0-0: Ball 1-0: Fly out, F8 (Line Drive, 8RM)
|
Top of the 2nd over - 1 run(s), 2 hit(s), 0 error(s), 1 left on base; Blueville 1 - Utica 0 |
BOTTOM OF THE 2ND |
Utica Unicorns batting - Pitching for Blueville 83's : RHP Gary Grimes
|
Batting: LHB Bill Hall
|
0-0: Hit by Pitch
|
Batting: RHB Jack Bailey
|
0-0: Foul Ball, location: 2F 0-1: Foul Ball, location: 2F 0-2: Ball 1-2: Strikes out looking
|
Batting: LHB Mitchell Oglethorpe
|
0-0: Called Strike 0-1: Swinging Strike 0-2: Strikes out swinging
|
Batting: RHB Gustavo Rodríguez
|
0-0: Foul Ball, location: 2F 0-1: Foul Ball, location: 2F 0-2: Strikes out swinging
|
Bottom of the 2nd over - 0 run(s), 0 hit(s), 0 error(s), 1 left on base; Blueville 1 - Utica 0 |
TOP OF THE 3RD |
Blueville 83's batting - Pitching for Utica Unicorns : LHP David Taylor
|
Batting: RHB Yoshihide Takahashi
|
0-0: Called Strike 0-1: Ball 1-1: Ball 2-1: Ball 3-1: Base on Balls
|
Batting: SHB Bob Noble
|
0-0: Grounds into double play, 6-4-3 (Groundball, 6)
|
Batting: RHB Matt Perkins
|
0-0: Called Strike 0-1: Ball 1-1: Foul Ball, location: 2F 1-2: Foul Ball, location: 2F 1-2: Foul Ball, location: 2F 1-2: SINGLE (Line Drive, 8RS)
|
Batting: RHB Tae-kwon Kwon
|
0-0: Fielders Choice at 2nd, 6-4 (Groundball, 6)
|
Top of the 3rd over - 0 run(s), 1 hit(s), 0 error(s), 0 left on base; Blueville 1 - Utica 0 |
BOTTOM OF THE 3RD |
Utica Unicorns batting - Pitching for Blueville 83's : RHP Gary Grimes
|
Batting: LHB Tony O'Bryan
|
0-0: Ball 1-0: Ball 2-0: Ground out 3-1 (Groundball, 34S)
|
Batting: RHB Mitsuoki Taguchi
|
0-0: Ball 1-0: Called Strike 1-1: Fly out, F7 (Flyball, 78D)
|
Batting: RHB Gerald Burnett
|
0-0: SINGLE (Line Drive, 8LS)
|
Batting: LHB Tom Waller
|
0-0: Ball Wild Pitch! Gerald Burnett to second 1-0: Ball 2-0: Ball 3-0: Base on Balls
|
Batting: RHB Fernando Gálvez
|
0-0: Ball 1-0: Ball 2-0: Foul Ball, location: 2F 2-1: Swinging Strike 2-2: Foul Ball, location: 2F 2-2: Ball 3-2: Foul Ball, location: 2F 3-2: Fly out, F9 (Flyball, 9LSF)
|
Bottom of the 3rd over - 0 run(s), 1 hit(s), 0 error(s), 2 left on base; Blueville 1 - Utica 0 |
TOP OF THE 4TH |
Blueville 83's batting - Pitching for Utica Unicorns : LHP David Taylor
|
Batting: LHB António Glaviz
|
0-0: Called Strike 0-1: Foul Ball, location: 2F 0-2: Ball 1-2: Strikes out swinging
|
Batting: LHB Ricardo Romero
|
0-0: Ball 1-0: Ball 2-0: Ball 3-0: Called Strike 3-1: Fly out, F5 (Popup, 5L)
|
Batting: RHB Jimmy Simon
|
0-0: Called Strike 0-1: Ball 1-1: Foul Ball, location: 2F 1-2: SINGLE (Flyball, 8LS)
|
Batting: LHB Ron Robinson
|
0-0: Called Strike Jimmy Simon steals 2nd base 0-1: SINGLE (Groundball, 3D) Jimmy Simon to third Runner from 3rd tries for Home, SAFE, no throw
|
Batting: LHB Vincente Sáenz
|
0-0: Swinging Strike 0-1: Foul Ball, location: 2F 0-2: Ball 1-2: Ball 2-2: SINGLE (Line Drive, 7LM) Ron Robinson to second
|
Batting: RHB Yoshihide Takahashi
|
0-0: SINGLE (Groundball, 6MD) Ron Robinson to third Vincente Sáenz to second Runner from 3rd tries for Home, SAFE, no throw
|
Batting: SHB Bob Noble
|
0-0: SINGLE (Flyball, 9LS) Vincente Sáenz to third Yoshihide Takahashi to second Runner from 3rd tries for Home, SAFE, throw made home
|
Batting: RHB Matt Perkins
|
0-0: Foul Ball, location: 2F 0-1: Ball 1-1: Fly out, F8 (Line Drive, 8RXD)
|
Top of the 4th over - 3 run(s), 5 hit(s), 0 error(s), 2 left on base; Blueville 4 - Utica 0 |
BOTTOM OF THE 4TH |
Utica Unicorns batting - Pitching for Blueville 83's : RHP Gary Grimes
|
Batting: LHB Bill Hall
|
0-0: Ball 1-0: Foul Ball, location: 2F 1-1: Ball 2-1: Ball 3-1: Base on Balls
|
Batting: RHB Jack Bailey
|
0-0: Ball 1-0: Called Strike 1-1: Called Strike 1-2: SINGLE (Flyball, 3D) Bill Hall to second Runner from 2nd tries for 3rd, OUT! Jack Bailey to second
|
Batting: LHB Mitchell Oglethorpe
|
0-0: Foul Ball, location: 2F 0-1: Ball 1-1: Ball 2-1: Ball 3-1: Called Strike 3-2: Fly out, F9 (Flyball, 9LMF)
|
Batting: RHB Gustavo Rodríguez
|
0-0: Called Strike 0-1: Swinging Strike 0-2: Foul Ball, location: 2F 0-2: Ball 1-2: Strikes out looking
|
Bottom of the 4th over - 0 run(s), 1 hit(s), 0 error(s), 1 left on base; Blueville 4 - Utica 0 |
TOP OF THE 5TH |
Blueville 83's batting - Pitching for Utica Unicorns : LHP David Taylor
|
Batting: RHB Tae-kwon Kwon
|
0-0: Ball 1-0: Ball 2-0: Called Strike 2-1: SINGLE (Groundball, 6D)
|
Batting: LHB António Glaviz
|
0-0: Ball 1-0: Swinging Strike 1-1: Swinging Strike 1-2: Ball 2-2: Strikes out swinging
|
Batting: LHB Ricardo Romero
|
0-0: Foul Ball, location: 2F 0-1: Called Strike 0-2: Foul Ball, location: 2F 0-2: Ball 1-2: Strikes out swinging
|
Batting: RHB Jimmy Simon
|
0-0: Called Strike 0-1: Ball 1-1: Ball 2-1: Swinging Strike 2-2: Foul Ball, location: 2F 2-2: Foul Ball, location: 2F 2-2: Strikes out looking
|
Top of the 5th over - 0 run(s), 1 hit(s), 0 error(s), 1 left on base; Blueville 4 - Utica 0 |
BOTTOM OF THE 5TH |
Utica Unicorns batting - Pitching for Blueville 83's : RHP Gary Grimes
|
Batting: LHB Tony O'Bryan
|
0-0: Ball 1-0: Foul Ball, location: 2F 1-1: Swinging Strike 1-2: Ball 2-2: Foul Ball, location: 2F 2-2: Ground out 4-3 (Groundball, 4)
|
Batting: RHB Mitsuoki Taguchi
|
0-0: Ball 1-0: Called Strike 1-1: SINGLE (Groundball, 6MD)
|
Batting: RHB Gerald Burnett
|
0-0: Swinging Strike 0-1: Foul Ball, location: 2F 0-2: Foul Ball, location: 2F 0-2: Ball 1-2: Strikes out swinging
|
Batting: LHB Tom Waller
|
0-0: SINGLE (Line Drive, 34D) Mitsuoki Taguchi to second Runner from 2nd tries for 3rd, SAFE, no throw
|
Batting: RHB Fernando Gálvez
|
0-0: Foul Ball, location: 2F 0-1: Ball 1-1: Swinging Strike 1-2: 3-RUN HOME RUN (Flyball, 7D), Distance : 388 ft
|
Batting: LHB Bill Hall
|
0-0: Called Strike 0-1: Swinging Strike 0-2: Ball 1-2: Foul Ball, location: 2F 1-2: SINGLE (Line Drive, 89S)
|
Batting: RHB Jack Bailey
|
0-0: Ball 1-0: SINGLE (Groundball, 56D) Bill Hall to second
|
Batting: LHB Mitchell Oglethorpe
|
0-0: Ball 1-0: Called Strike 1-1: Called Strike 1-2: Ball 2-2: Ball 3-2: Foul Ball, location: 2F 3-2: Base on Balls Bill Hall to third Jack Bailey to second
|
Batting: RHB Gustavo Rodríguez
|
0-0: Ball 1-0: Called Strike 1-1: Swinging Strike 1-2: Ball 2-2: Ball 3-2: Base on Balls Bill Hall scores Jack Bailey to third Mitchell Oglethorpe to second
|
Pitching: RHP Santiago González
|
|
Batting: LHB Tony O'Bryan
|
0-0: Ball 1-0: Ball 2-0: Ball 3-0: Called Strike 3-1: Base on Balls Jack Bailey scores Mitchell Oglethorpe to third Gustavo Rodríguez to second
|
Batting: RHB Mitsuoki Taguchi
|
0-0: Ball 1-0: Fielders Choice at 2nd, 4-6 (Groundball, 4)
|
Bottom of the 5th over - 5 run(s), 5 hit(s), 0 error(s), 2 left on base; Blueville 4 - Utica 5 |
TOP OF THE 6TH |
Blueville 83's batting - Pitching for Utica Unicorns : LHP David Taylor
|
Batting: LHB Ron Robinson
|
0-0: Swinging Strike 0-1: Ball 1-1: Ground out 5-3 (Groundball, 56)
|
Batting: LHB Vincente Sáenz
|
0-0: Fly out, F6 (Line Drive, 6)
|
Batting: RHB Yoshihide Takahashi
|
0-0: Ball 1-0: Ball 2-0: Ball 3-0: Called Strike 3-1: Foul Ball, location: 2F 3-2: Foul Ball, location: 2F 3-2: Strikes out swinging
|
Top of the 6th over - 0 run(s), 0 hit(s), 0 error(s), 0 left on base; Blueville 4 - Utica 5 |
BOTTOM OF THE 6TH |
Utica Unicorns batting - Pitching for Blueville 83's : RHP Santiago González
|
Batting: RHB Gerald Burnett
|
0-0: Swinging Strike 0-1: Ball 1-1: Ground out 6-3 (Groundball, 6)
|
Batting: LHB Tom Waller
|
0-0: Ball 1-0: Foul Ball, location: 2F 1-1: Foul Ball, location: 2F 1-2: Ground out 4-3 (Groundball, 4MS)
|
Batting: RHB Fernando Gálvez
|
0-0: DOUBLE (Line Drive, 7LM)
|
Batting: LHB Bill Hall
|
0-0: Swinging Strike 0-1: Ball 1-1: Ball 2-1: Swinging Strike 2-2: Foul Ball, location: 2F 2-2: SINGLE (Groundball, 34) (infield hit) Fernando Gálvez to third
|
Batting: RHB Jack Bailey
|
0-0: Swinging Strike 0-1: Foul Ball, location: 2F 0-2: Ball 1-2: Ball 2-2: Foul Ball, location: 2F 2-2: Foul Ball, location: 2F 2-2: Ball 3-2: Foul Ball, location: 2F 3-2: Ground out 5-3 (Groundball, 5)
|
Bottom of the 6th over - 0 run(s), 2 hit(s), 0 error(s), 2 left on base; Blueville 4 - Utica 5 |
TOP OF THE 7TH |
Blueville 83's batting - Pitching for Utica Unicorns : LHP David Taylor
|
Pitching: RHP Mario González
|
|
Batting: SHB Bob Noble
|
0-0: Foul Ball, location: 2F 0-1: SINGLE (Groundball, 34D)
|
Batting: RHB Matt Perkins
|
0-0: Ball 1-0: Ball 2-0: Sac Bunt - play at first, batter OUT! 1-4 Bob Noble to second
|
Batting: RHB Tae-kwon Kwon
|
0-0: Ball 1-0: Ball 2-0: Foul Ball, location: 2F 2-1: Called Strike 2-2: Strikes out swinging
|
Pitching: LHP Javier Luna
|
|
Pinch Hitting: RHB Fernando Díaz
|
0-0: Foul Ball, location: 2F 0-1: Ball 1-1: Foul Ball, location: 2F 1-2: Strikes out swinging
|
Top of the 7th over - 0 run(s), 1 hit(s), 0 error(s), 1 left on base; Blueville 4 - Utica 5 |
BOTTOM OF THE 7TH |
Utica Unicorns batting - Pitching for Blueville 83's : RHP Santiago González
|
Now in CF: Jack Fountain
|
|
Batting: LHB Mitchell Oglethorpe
|
0-0: Ball 1-0: Foul Ball, location: 2F 1-1: SINGLE (Flyball, 78S)
|
Pinch Hitting: RHB Danny Crouch
|
0-0: Called Strike 0-1: Called Strike 0-2: Ball 1-2: Ball 2-2: Fly out, F8 (Flyball, 78XD)
|
Batting: LHB Tony O'Bryan
|
0-0: Ball 1-0: Swinging Strike 1-1: Fly out, F8 (Flyball, 8RD)
|
Batting: RHB Mitsuoki Taguchi
|
0-0: Foul Ball, location: 2F 0-1: Foul Ball, location: 2F 0-2: SINGLE (Line Drive, 34D) Mitchell Oglethorpe to second Runner from 2nd tries for 3rd, SAFE, throw made to third
|
Batting: RHB Gerald Burnett
|
0-0: Called Strike 0-1: Ball 1-1: Ball 2-1: Called Strike 2-2: Fielders Choice at 2nd, 4-6 (Groundball, 4)
|
Bottom of the 7th over - 0 run(s), 2 hit(s), 0 error(s), 1 left on base; Blueville 4 - Utica 5 |
TOP OF THE 8TH |
Blueville 83's batting - Pitching for Utica Unicorns : LHP Javier Luna
|
Pitching: LHP Alberto Martínez
|
|
Now at 3B: Danny Crouch
|
|
Now at SS: Héctor Jiménez
|
|
Batting: LHB Ricardo Romero
|
0-0: Swinging Strike 0-1: Ground out 6-3 (Groundball, 6M)
|
Pitching: RHP Patrick Doyle
|
|
Batting: RHB Jimmy Simon
|
0-0: Ball 1-0: Ball 2-0: Called Strike 2-1: Foul Ball, location: 2F 2-2: Reached on error, E5 (Groundball, 56S)
|
Pitching: LHP Justin Short
|
|
Pinch Hitting: RHB Daryl Floyd
|
0-0: Called Strike 0-1: Fly out, F9 (Flyball, 9S)
|
Batting: LHB Vincente Sáenz
|
0-0: Foul Ball, location: 2F 0-1: Ball 1-1: Ball 2-1: Foul Ball, location: 2F 2-2: DOUBLE (Groundball, 3L) Jimmy Simon scores
|
Batting: RHB Yoshihide Takahashi
|
0-0: Called Strike 0-1: Ball 1-1: Foul Ball, location: 2F 1-2: Foul Ball, location: 2F 1-2: Foul Ball, location: 2F 1-2: Ball 2-2: Fly out, F9 (Flyball, 9)
|
Top of the 8th over - 1 run(s), 1 hit(s), 1 error(s), 1 left on base; Blueville 5 - Utica 5 |
BOTTOM OF THE 8TH |
Utica Unicorns batting - Pitching for Blueville 83's : RHP Santiago González
|
Now in LF: Daryl Floyd
|
|
Batting: LHB Tom Waller
|
0-0: Swinging Strike 0-1: Foul Ball, location: 2F 0-2: Ball 1-2: Ball 2-2: Ball 3-2: Fly out, F8 (Flyball, 8RD)
|
Batting: RHB Fernando Gálvez
|
0-0: Called Strike 0-1: Foul Ball, location: 2F 0-2: Strikes out swinging
|
Batting: LHB Bill Hall
|
0-0: Foul Ball, location: 2F 0-1: Ball 1-1: Ball 2-1: Ball 3-1: Called Strike 3-2: Base on Balls
|
Batting: RHB Jack Bailey
|
0-0: Ball 1-0: Ball 2-0: Swinging Strike 2-1: Foul Ball, location: 2F 2-2: Foul Ball, location: 2F 2-2: Foul Ball, location: 2F 2-2: Ground out 2-3 (Groundball, 15S)
|
Bottom of the 8th over - 0 run(s), 0 hit(s), 0 error(s), 1 left on base; Blueville 5 - Utica 5 |
TOP OF THE 9TH |
Blueville 83's batting - Pitching for Utica Unicorns : LHP Justin Short
|
Pitching: RHP Jorge Pérez
|
|
Pinch Hitting: LHB Jacob Wright
|
0-0: Called Strike 0-1: Foul Ball, location: 2F 0-2: Ball 1-2: Ground out 5-3 (Groundball, 56)
|
Pinch Hitting: LHB Javier Espinoza
|
0-0: Ball 1-0: Called Strike 1-1: Foul Ball, location: 2F 1-2: Ball 2-2: SINGLE (Groundball, 3D)
|
Batting: RHB Tae-kwon Kwon
|
0-0: Ball 1-0: Fly out, F8 (Flyball, 8RS)
|
Batting: SHB Jack Fountain
|
0-0: Called Strike 0-1: Fielders Choice at 2nd, 6-4 (Groundball, 6)
|
Top of the 9th over - 0 run(s), 1 hit(s), 0 error(s), 0 left on base; Blueville 5 - Utica 5 |
BOTTOM OF THE 9TH |
Utica Unicorns batting - Pitching for Blueville 83's : RHP Santiago González
|
Now at 2B: Javier Espinoza
|
|
Now at SS: Kuniaki Kawashima
|
|
Batting: LHB Mitchell Oglethorpe
|
0-0: Called Strike 0-1: Foul Ball, location: 2F 0-2: Ball 1-2: Fly out, F9 (Flyball, 9LMF)
|
Batting: RHB Danny Crouch
|
0-0: Called Strike 0-1: Ball 1-1: Ball 2-1: Ball 3-1: Foul Ball, location: 2F 3-2: Base on Balls
|
Pinch Runner at 1st Raúl Morales:
|
|
Batting: LHB Tony O'Bryan
|
0-0: Ball 1-0: Foul Ball, location: 2F 1-1: Ball 2-1: Ball 3-1: Foul Ball, location: 2F 3-2: Base on Balls Raúl Morales to second
|
Pitching: RHP Clint Tancock
|
|
Batting: RHB Héctor Jiménez
|
0-0: Fly out, F7 (Line Drive, 7D) Runner from 2nd tags up, SAFE at 3rd, no throw
|
Batting: RHB Gerald Burnett
|
0-0: Called Strike Tony O'Bryan steals 2nd base 0-1: Fly out, F9 (Flyball, 9LSF)
|
Bottom of the 9th over - 0 run(s), 0 hit(s), 0 error(s), 2 left on base; Blueville 5 - Utica 5 |
TOP OF THE 10TH |
Blueville 83's batting - Pitching for Utica Unicorns : RHP Jorge Pérez
|
Now at 3B: Raúl Morales
|
|
Batting: LHB Ricardo Romero
|
0-0: Ball 1-0: Ground out 3-1 (Groundball, 34S)
|
Batting: RHB Jimmy Simon
|
0-0: Fly out, F9 (Flyball, 9LMF)
|
Pinch Hitting: LHB Felipe Cruz
|
0-0: Foul Ball, location: 2F 0-1: Ball 1-1: Swinging Strike 1-2: Strikes out looking
|
Top of the 10th over - 0 run(s), 0 hit(s), 0 error(s), 0 left on base; Blueville 5 - Utica 5 |
BOTTOM OF THE 10TH |
Utica Unicorns batting - Pitching for Blueville 83's : RHP Clint Tancock
|
Now in CF: Felipe Cruz
|
|
Batting: LHB Tom Waller
|
0-0: Called Strike 0-1: Foul Ball, location: 2F 0-2: Foul Ball, location: 2F 0-2: Ground out 4-3 (Groundball, 4)
|
Batting: RHB Fernando Gálvez
|
0-0: Ball 1-0: Ball 2-0: Called Strike 2-1: TRIPLE (Flyball, 89M)
|
Batting: LHB Bill Hall
|
0-0: Intentional Walk
|
Batting: RHB Jack Bailey
|
0-0: Fly out, F9 (Line Drive, 9S)
|
Batting: LHB Mitchell Oglethorpe
|
0-0: Ball 1-0: Ball 2-0: Ball 3-0: Called Strike 3-1: Base on Balls Bill Hall to second
|
Batting: LHB Raúl Morales
|
0-0: Ball 1-0: Ball 2-0: Called Strike 2-1: SINGLE (Flyball, 9S) Fernando Gálvez scores
|
Tuesday, August 8th, 2017 - OOTP Baseball 17.12 Build 75
|
|